 Dungeon Crawl Stone Soup version 0.31-a0-232-gb1c03b2570 (webtiles) character file.

Game seed: 8127130292354464056

28 qw the Shooter (level 2, 0/24 HPs)
             Began as a Minotaur Hexslinger on July 7, 2023.
             Succumbed to an adder's poison
             ... on level 2 of the Dungeon.
             The game lasted 00:00:15 (586 turns).

qw the Shooter (Minotaur Hexslinger)                 Turns: 586, Time: 00:00:16

Health: 0/24       AC:  5    Str: 12    XL:     2   Next: 96%
Magic:  2/2        EV: 10    Int: 10    God:
Gold:   57         SH:  0    Dex: 12    Spells: 2/3 levels left

rFire   . . .        Y - +1 sling
rCold   . . .        (no shield)
rNeg    . . .        d - +0 ring mail
rPois   .            (helmet restricted)
rElec   .            (no cloak)
rCorr   .            (no gloves)
SInv    .            (no boots)
Will    .....        (no amulet)
Stlth   +            (no ring)
HPRegen 0.24/turn    (no ring)
MPRegen 0.08/turn

%: no passive effects
@: lethally poisoned (0 -> -1)
A: horns 2, retaliatory headbutt
a: no special abilities


You were on level 2 of the Dungeon.
You visited 1 branch of the dungeon, and saw 2 of its levels.

You collected 57 gold pieces.


Innate Abilities, Weirdness & Mutations

You have a pair of horns on your head.
You reflexively headbutt those who attack you in melee.


   Skills:
 - Level 2.0 Fighting
 + Level 3.5 Ranged Weapons
 - Level 2.1 Dodging
 - Level 1.0 Spellcasting
 - Level 2.0 Hexes


You had 2 spell levels left.
You knew the following spells:

 Your Spells              Type           Power      Damage    Failure   Level
a - Slow                  Hex            16%        N/A       34%         1

Your spell library contained the following spells:

 Spells                   Type           Power      Damage    Failure   Level
 Inner Flame              Hex/Fire       2%         N/A       83%         3
 Portal Projectile        Hex/Tloc       4%         N/A       83%         3
 Cause Fear               Hex            2%         N/A       98%         4

Inventory:

Hand Weapons
 Y - a +1 sling (weapon)
Armour
 d - a +0 ring mail (worn)
Scrolls
 a - a scroll of butterflies {unknown}
Potions
 b - a potion of might
 f - a potion of attraction {unknown}

Dungeon Overview and Level Annotations

Branches:
Dungeon (2/15)

Altars:


Message History

You shoot a sling bullet. The sling bullet hits the adder.
The adder is severely wounded.
The adder bites you but does no damage. The endoplasm freezes you.
You are frozen.
The rat bites you but does no damage. The adder closely misses you.
The rat bites you but does no damage. The endoplasm freezes you.
You are frozen.
You shoot a sling bullet. The sling bullet misses the adder.
The adder bites you but does no damage. The endoplasm barely misses you.
The rat bites you but does no damage. The adder bites you.
You are poisoned.
The adder poisons you!
You shoot a sling bullet.
The sling bullet closely misses the adder.
You feel very sick. The adder barely misses you. The endoplasm freezes you.
You are frozen.
The rat bites you. The adder bites you but does no damage.
You shoot a sling bullet.
The sling bullet hits the adder but does no damage.
The adder is severely wounded.
You feel sick. The endoplasm barely misses you. The rat completely misses you.
The adder closely misses you. The endoplasm barely misses you.
The rat barely misses you.
You shoot a sling bullet.
The sling bullet barely misses the adder.
You feel sick. The adder barely misses you. x2
The endoplasm freezes you.
You are frozen.
The rat barely misses you.
You shoot a sling bullet.
The sling bullet barely misses the adder.
You feel sick. The adder closely misses you. The endoplasm barely misses you.
The rat bites you but does no damage. The adder closely misses you.
The rat bites you but does no damage. The endoplasm freezes you.
You are frozen.
You shoot a sling bullet. The sling bullet hits the adder.
The adder is almost dead.
You die...

.#.. .. .#
#....... .##.#
##... (.. .....
...>.##.##....
#...........#
........$...##...
....%..rSJ......
#...^@# #.....#
###.### #.#
#.###.########
#.............
#####..######.
#..# #..#


You could see an adder, an endoplasm and a rat.

Vanquished Creatures
  An adder (D:2)
  2 ball pythons (D:1)
  3 endoplasms
  A goblin (D:1)
  A hobgoblin (D:2)
  A quokka (D:1)
  A bat (D:1)
  2 frilled lizards (D:1)
  3 kobolds (D:1)
  4 rats
19 creatures vanquished.

Notes
Turn   | Place    | Note
-------+----------+-------------------------------------------
     0 | D:1      | qw the Minotaur Hexslinger began the quest for the Orb.
     0 | D:1      | Reached XP level 1. HP: 16/16 MP: 1/1
     0 | D:1      | 0 ||| qw: Version: 0.3-a-46-gb1f654a
     0 | D:1      | 0 ||| qw: Game counter: 2503
     0 | D:1      | 0 ||| qw: Melee chars always use a shield: true
     0 | D:1      | 0 ||| qw: God list: Okawaru
     0 | D:1      | 0 ||| qw: Allow faded altars: false
     0 | D:1      | 0 ||| qw: Do Orc after clearing Dungeon:15 true
     0 | D:1      | 0 ||| qw: Do second Lair branch before Depths: true
     0 | D:1      | 0 ||| qw: Lair rune preference: random
     0 | D:1      | 0 ||| qw: Goals: Normal
     0 | D:1      | 0 ||| PLANNING D:1-11
    24 | D:1      | 24 ||| DROPPING scroll of poison.
    32 | D:1      | 32 ||| Stepping ~*~*~tactically~*~*~ (water).
   121 | D:1      | Found a faded altar of an unknown god.
   150 | D:1      | Reached skill level 3 in Ranged Weapons
   157 | D:1      | Reached XP level 2. HP: 21/23 MP: 2/2
   509 | D:1      | 509 ||| UPGRADING to +0 ring mail.
   519 | D:1      | 519 ||| DROPPING +0 robe.
   520 | D:1      | 520 ||| READING scroll labelled LUEMPUCOUX.
   521 | D:1      | 521 ||| DRINKING 2 glowing grey potions.
   584 | D:2      | HP: 5/24 [poisoned by an adder]
   584 | D:2      | HP: 2/24 [frozen (3)]
   586 | D:2      | Succumbed to an adder's poison

Levels and vault maps discovered:
D:1:      ldierk_walled_garden, layout_basic, shapermc_ecumenical_altar_venn,
          serial_bayou_pond_c
D:2:      layout_loops_ring, minmay_tromino_v4_b, uniq_terence

Skill      XL: |  1  2 |
---------------+-------+-----
Ranged Weapons | 3 |  3.5
Fighting       | 2 |  2.0
Dodging        | |  2.1
Spellcasting   | |  1.0
Hexes          | |  2.0

Action                     || total
---------------------------++-------
   Fire: Sling             ||    54
    Use: Scroll            ||     1
         Potion            ||     1
 Armour: Ring mail         ||    15
  Dodge: Dodged            ||    28

Table legend:
 A = Non-vault XP
 B = Vault XP
 C = Vault XP percentage of total XP
 D = Non-vault monster count
 E = Vault monster count
 F = Vault count percentage of total count
                 A         B        C        D         E       F
            +---------+---------+-------+---------+---------+-------
      Total |      39 |       1 |   2.5 |      18 |       1 |   5.3
            +---------+---------+-------+---------+---------+-------
        D:1 |      22 |       0 |   0.0 |      15 |       0 |   0.0
        D:2 |      17 |       1 |   5.6 |       3 |       1 |  25.0
            +---------+---------+-------+---------+---------+-------
